 Dungeon Crawl Stone Soup version 0.30-a0-737-gf23d94013f (webtiles) character file.

Game seed: 11124792887514939958

13906 Dittersdorf the Protected (level 12, 0/80 HPs)
             Began as a Gargoyle Fighter on Feb 1, 2023.
             Was a High Priest of Okawaru.
             Slain by a blink frog (6 damage)
             ... on level 2 of the Lair of Beasts.
             The game lasted 00:19:03 (11083 turns).

Dittersdorf the Protected (Gargoyle Fighter)       Turns: 11083, Time: 00:19:04

Health: 0/80       AC: 42    Str: 24    XL:     12   Next: 10%
Magic:  21/21      EV: 23    Int: 10    God:    Okawaru [*****.]
Gold:   682        SH:  6    Dex:  9    Spells: 11/11 levels left

rFire   + . .      SeeInvis .    E - +1 morningstar (freeze)
rCold   . . .      Faith    .    c - +0 buckler
rNeg    + . .      Spirit   .    u - +18 Lear's hauberk
rPois   ∞          Reflect  .    (helmet currently unavailable)
rElec   +          Harm     .    C - +2 cloak {Will+}
rCorr   .          Rampage  .    (gloves currently unavailable)
Will    +....                    (boots currently unavailable) Stlth
                                 v - amulet of the acrobat
HPRegen 0.33/turn                o - ring of protection from fire
MPRegen 0.17/turn                H - ring of magical power

@: acrobatic
A: sickness immunity, AC +8, negative energy resistance 1, electricity
resistance, torment resistance 1, petrification resistance
a: Renounce Religion, Heroism, Finesse, Duel


You were on level 2 of the Lair of Beasts.
You worshipped Okawaru.
Okawaru was extremely pleased with you.
You visited 3 branches of the dungeon, and saw 13 of its levels.

You collected 682 gold pieces.

Inventory:

Hand Weapons
 E - a +1 morningstar of freezing (weapon)
Missiles
 g - 2 curare-tipped darts (quivered)
 y - a throwing net
Armour
 c - a +0 buckler (worn)
 j - a +0 pair of boots
 u - the +18 Lear's hauberk (worn)
   (You found it on level 2 of the Dungeon)
 w - a +2 helmet
 z - a +0 chain mail
 C - a +2 cloak of willpower (worn)
Jewellery
 o - a ring of protection from fire (left hand)
 v - an amulet of the acrobat (around neck)
 H - a ring of magical power (right hand)
Wands
 h - a wand of flame (25)
 A - a wand of iceblast (5)
 D - a wand of paralysis (7)
 G - a wand of digging (6)
Scrolls
 b - 2 scrolls of magic mapping
 f - 3 scrolls of brand weapon
 m - a scroll of poison {unknown}
 p - 7 scrolls of teleportation
 q - 2 scrolls of blinking
 s - 5 scrolls of enchant weapon
 t - 5 scrolls of fog
 x - a scroll of fear {unknown}
 F - a scroll of amnesia {unknown}
Potions
 a - 6 potions of curing {unknown}
 d - a potion of might
 e - 4 potions of berserk rage {unknown}
 i - 2 potions of flight {unknown}
 k - 3 potions of heal wounds
 l - 5 potions of mutation
 n - 2 potions of brilliance
 r - 2 potions of magic
Miscellaneous
 B - a piece from Xom's chessboard (15/15)


   Skills:
 + Level 11.1 Fighting
 + Level 10.0 Maces & Flails
 + Level 11.1 Armour
 + Level 11.1 Shields


You had 11 spell levels left.
You didn't know any spells.
Your spell library contained the following spells:

 Spells                   Type           Power      Damage    Failure   Level
 Kiss of Death            Conj/Necr      0%         2d5       93%         1
 Confusing Touch          Hex            0%         N/A       100%        3
 Kindle Blastsparks       Fire/Tloc/Air  0%         2d10      100%        3
 Portal Projectile        Hex/Tloc       0%         N/A       100%        3
 Vhi's Electric Charge    Tloc/Air       0%         N/A       100%        3
 Dispel Undead            Necr           0%         3d6       100%        4
 Olgreb's Toxic Radiance  Pois           0%         N/A       100%        4
 Sticky Flame             Conj/Fire      0%         2d3       100%        4
 Blade Hands              Tmut           0%         N/A       100%        5
 Storm Form               Tmut/Air       0%         N/A       100%        7
 Tukima's Dance           Hex            Unusable   N/A       N/A         3
 Simulacrum               Ice/Necr       Unusable   N/A       N/A         6

Dungeon Overview and Level Annotations

Branches:
Dungeon (10/15)            Temple (1/1) D:4            Lair (2/5) D:8
  Swamp: Lair:2-3    Shoals: Lair:2-3     Snake: Lair:2-3    Spider: Lair:2-3
    Orc: D:9-12

Altars:
Ashenzari
Cheibriados
Dithmenos
Elyvilon
Fedhas
Gozag
Hepliaklqana
Kikubaaqudgha
Makhleb
Nemelex Xobeh
Okawaru
Qazlal
Ru
Sif Muna
Trog
Uskayaw
Vehumet
Wu Jian
Xom
Yredelemnul
Zin
The Shining One

Shops:
D:10 [

Annotations:
D:3 2 runed translucent doors, Bediveer's ghost, amateur KoBr
D:9 2 transporters, exclusion: ice statue, drewk1942's ghost, journeyman DjFE


Innate Abilities, Weirdness & Mutations

You are immune to sickness and miasma.
Your stone body is resilient. (AC +8)
You are immune to poison.
You resist negative energy. (rN+)
You are resistant to electric shocks. (rElec)
You are resistant to unholy torment.
You are immune to petrification.


Message History

You block the polar bear's attack.
The polar bear claws you but does no damage.
The blink frog hits you but does no damage.
You closely miss the blink frog.
The blink frog is moderately wounded.
The blink frog blinks! x2
The polar bear bites you but does no damage.
The polar bear claws you but does no damage. x2
The blink frog hits you but does no damage.
You miss the blink frog.
The blink frog is moderately wounded.
The blink frog hits you but does no damage.
The polar bear bites you but does no damage.
The polar bear claws you but does no damage.
You block the polar bear's attack.
The blink frog blinks!
The blink frog hits you but does no damage. x2
The blink frog attacks as you move away!
The blink frog hits you but does no damage.
You block the blink frog's attack. The blink frog misses you.
The blink frog blinks! x4
You miss the blink frog. You block the blink frog's attack.
The polar bear closely misses you. x2
The polar bear claws you but does no damage.
The blink frog hits you but does no damage.
The blink frog blinks!
The blink frog barely misses you.
The blink frog attacks as you move away!
The blink frog hits you but does no damage.
The blink frog closely misses you.
The blink frog blinks!
The blink frog closely misses you.
The blink frog attacks as you move away!
The blink frog completely misses you. x2; The blink frog barely misses you.
The blink frog misses you.
The blink frog attacks as you move away!
The blink frog hits you!
* * * LOW HITPOINT WARNING * * *
The blink frog blinks! x2
The blink frog closely misses you. You block the blink frog's attack.
The blink frog attacks as you move away!
The blink frog hits you.
You die...

#....##.....##.....P## #.##
......#......#.......### ..P#
...........§...........#####<.#
.......†...............##.#...#
..?..........§...............##
.....#.......F(........#..##.P##
.#..##P..........F...#...#.#.!.##
#### #....#..#hFF.............#.#
###.......F@.............<##
#........................#
#...............#......P##
####P#.........###.....##
######......# #....## ##...###
####. #.## ## ##


You could see a polar bear and 5 blink frogs.

Vanquished Creatures
  A catoblepas (D:8)
  A centaur warrior (D:8)
  A two-headed ogre (D:10)
  An ugly thing (D:9)
  2 manticores (D:8)
  A cyclops (D:8)
  2 cane toads (Lair:1)
  A komodo dragon (Lair:1)
  A troll (D:7)
  4 blink frogs (Lair:1)
  2 shadows (D:8)
  13 yaks
  5 wraiths
  5 wyverns
  A steam dragon (D:8)
  5 water moccasins
  7 orc warriors
  A sky beast (D:8)
  2 ice beasts
  4 black bears
  A centaur (D:6)
  An ogre (D:5)
  A phantom (D:7)
  4 kobold brigands
  8 bullfrogs
  2 necrophages
  2 gnoll sergeants
  2 scorpions (D:4)
  5 wights
  8 killer bees
  A howler monkey (D:8)
  2 jellies
  8 orc priests
  4 hounds (D:6)
  4 iguanas
  6 orc wizards
  16 gnolls
  6 adders
  3 worms
  2 dart slugs
  51 orcs
  6 endoplasms
  5 giant cockroaches
  15 goblins
  12 hobgoblins
  10 jackals
  26 kobolds
  4 quokkas
  4 ball pythons
  3 bats
  2 frilled lizards
  7 rats
291 creatures vanquished.

Vanquished Creatures (others)
  Psyche (D:8)
  An orc wizard (D:8)
  An orc (D:5)
  18 plants
21 creatures vanquished.

Grand Total: 312 creatures vanquished

Notes
Turn   | Place    | Note
-------+----------+-------------------------------------------
     0 | D:1      | Dittersdorf the Gargoyle Fighter began the quest for the
                  | Orb.
     0 | D:1      | Reached XP level 1. HP: 14/14 MP: 1/1
    39 | D:1      | Reached XP level 2. HP: 2/19 MP: 2/2
   315 | D:1      | Reached XP level 3. HP: 12/23 MP: 3/3
  1017 | D:2      | Found the +18 Lear's hauberk
  1060 | D:2      | Reached XP level 4. HP: 29/29 MP: 4/4
  1136 | D:2      | Got Sif Muna's Grimoire of Unclean Clouds
  1421 | D:3      | Found a large runed translucent door.
  1421 | D:3      | Found a large runed translucent door.
  1423 | D:3      | Noticed Bediveer's ghost (amateur KoBr)
  1552 | D:3      | Found a stormy altar of Qazlal.
  1695 | D:3      | Noticed a black bear
  1705 | D:3      | Killed a black bear
  1706 | D:3      | Reached XP level 5. HP: 22/34 MP: 5/5
  2352 | D:4      | Reached XP level 6. HP: 38/39 MP: 6/6
  2421 | D:4      | Noticed a black bear
  2435 | D:3      | Killed a black bear
  2492 | D:4      | Found a broken altar of Ashenzari.
  2628 | D:4      | Noticed a black bear
  2633 | D:4      | Reached skill level 5 in Armour
  2642 | D:4      | Killed a black bear
  2643 | D:4      | Reached skill level 5 in Fighting
  2643 | D:4      | Reached skill level 5 in Shields
  2643 | D:4      | Reached XP level 7. HP: 44/44 MP: 7/7
  2810 | D:4      | Found a staircase to the Ecumenical Temple.
  2821 | Temple   | Entered the Ecumenical Temple
  2980 | Temple   | Became a worshipper of Warmaster Okawaru
  3293 | D:5      | Entered Level 5 of the Dungeon
  3513 | D:5      | Found a blossoming altar of Fedhas.
  3607 | D:5      | Paralysed by a gnoll for 4 turns
  3699 | D:5      | Reached XP level 8. HP: 50/51 MP: 8/8
  3947 | D:5      | Reached * piety under Okawaru
  3967 | D:5      | Reached skill level 5 in Maces & Flails
  4740 | D:6      | Noticed a wyvern
  4758 | D:6      | Killed a wyvern
  4876 | D:6      | Reached XP level 9. HP: 54/56 MP: 9/9
  4894 | D:6      | Reached ** piety under Okawaru
  5349 | D:6      | Found a bloodstained altar of Trog.
  6490 | D:8      | Noticed Psyche
  6505 | D:8      | Killed Psyche
  6637 | D:8      | Found a glowing golden altar of the Shining One.
  6714 | D:8      | Reached *** piety under Okawaru
  6715 | D:8      | Reached XP level 10. HP: 58/64 MP: 10/10
  6782 | D:8      | Found a staircase to the Lair.
  7215 | D:8      | Noticed a centaur warrior
  7217 | D:8      | Noticed a cyclops
  7222 | D:8      | Noticed a manticore
  7227 | D:8      | Killed a centaur warrior
  7238 | D:8      | Killed a manticore
  7238 | D:8      | Reached **** piety under Okawaru
  7599 | D:8      | Killed a cyclops
  7644 | D:8      | Noticed a manticore
  7653 | D:8      | Killed a manticore
  7655 | D:8      | Noticed a catoblepas
  7751 | D:8      | Killed a catoblepas
  7752 | D:8      | Reached XP level 11. HP: 21/72 MP: 11/11
  7968 | D:8      | Reached ***** piety under Okawaru
  8134 | D:9      | Noticed a white ugly thing
  8149 | D:9      | Killed a white ugly thing
  8189 | D:9      | Found a hazy altar of Hepliaklqana.
  8269 | D:9      | Noticed a two-headed ogre
  8282 | D:9      | Noticed a deep elf pyromancer
  8291 | D:9      | Found a transporter.
  8292 | D:9      | Noticed drewk1942's ghost (journeyman DjFE)
  8303 | D:9      | Found a transporter.
  8468 | D:9      | Reached skill level 10 in Armour
  8489 | D:9      | Reached skill level 10 in Shields
  8498 | D:9      | Reached skill level 10 in Fighting
  8764 | D:10     | Entered Level 10 of the Dungeon
  8764 | D:10     | Found Joavutil's Armour Emporium.
  8913 | D:10     | Noticed a two-headed ogre
  8920 | D:10     | Killed a two-headed ogre
  8920 | D:10     | Received a gift from Okawaru
  9525 | D:10     | Noticed a white ugly thing
  9765 | Lair:1   | Entered Level 1 of the Lair of Beasts
 10127 | Lair:1   | Got Falusergh's Book of Percussion and Sinister Mysteries
 10553 | Lair:1   | Reached XP level 12. HP: 69/80 MP: 12/12
 11046 | Lair:2   | Reached skill level 10 in Maces & Flails
 11083 | Lair:2   | Slain by a blink frog

Illustrated notes

Levels and vault maps discovered:
D:1:      ebering_trefoil_twist, layout_basic
D:2:      layout_basic, hangedman_decor_points
D:3:      layout_basic, grunt_qazlal_sundering, ebering_ghost_disaster_area
D:4:      layout_loops_ring, mainiacjoe_overflow_boulevard,
          minmay_temple_entry_slanted, hangedman_abyss_or_decor_stagger
D:5:      layout_loops_ring, fedhas_altar_1, serial_bayou, serial_bayou_shore_a,
          serial_bayou_lake_a, serial_bayou_ford_a, serial_bayou_lagoon_a
D:6:      nicolae_cairo_tiling_large_dashed, layout_loops_corners, trog_book,
          serial_bayou_pond_c, nicolae_concentric_dashed_squares_mild,
          hangedman_glass_teeth, minmay_statues_item, abandoned_shop
D:7:      layout_basic
D:8:      minmay_chambers_of_sixes, layout_cave_pools,
          mainiacjoe_overflow_24_doors, dpeg_oklobed_lair,
          kennysheep_another_room, minmay_evil_grid, uniq_psyche
D:9:      layout_gridville, mainiacjoe_overflow_catwalk, nzn_ghost_randoct
D:10:     layout_roguey [special_room_orc], serial_shops, nicolae_stop_n_shop_2,
          minmay_unpleasant_kobolds
Temple:   nicolae_temple_elliptical
Lair:1:   layout_hall_layers
Lair:2:   layout_gridlike, uniq_sonja

Skill      XL: |  1  2  3  4  5  6  7  8  9 10 11 12 |
---------------+-------------------------------------+-----
Shields        | 4 5 6 8 9 11 | 11.1
Fighting       | 4 5 6 8 9 11 | 11.1
Armour         | 4 5 6 8 9 11 | 11.1
Maces & Flails | 3 4 5 7 8 9 10 | 10.0

Action                     |  1- 3 |  4- 6 |  7- 9 | 10-12 || total
---------------------------+-------+-------+-------+-------++-------
  Melee: Flail             |   145 |   220 |   148 |       ||   513
         Morningstar       |       |       |   238 |   550 ||   788
         Unarmed           |       |       |    10 |       ||    10
 Invoke: Heroism           |       |       |       |     3 ||     3
    Use: Scroll            |       |       |    14 |     2 ||    16
 Armour: Scale mail        |    94 |       |       |       ||    94
         Chain mail        |     3 |   227 |   380 |   537 ||  1147
         Skin              |       |       |     5 |       ||     5
  Dodge: Dodged            |    90 |   105 |   199 |   356 ||   750
  Block: Buckler           |    44 |    71 |   122 |   227 ||   464

Table legend: (Time is in decaauts)
 A = Elapsed time spent in this place.
 B = Non-inter-level travel time spent in this place.
 C = Inter-level travel time spent in this place.
 D = Time resting spent in this place.
 E = Time spent auto-exploring this place.
 F = Levels seen in this place.
 G = Mean time per level.
                   A        B        C        D        E       F      G
               +--------+--------+--------+--------+--------+-----+--------+
         Total |  11404 |  10949 |    455 |   1474 |   6848 |  13 |  877.2 |
       Dungeon |   9911 |   9552 |    359 |   1474 |   5710 |  10 |  991.1 |
        Temple |    169 |    138 |     31 |      0 |    121 |   1 |  169.0 |
          Lair |   1322 |   1257 |     65 |      0 |   1017 |   2 |  661.0 |
               +--------+--------+--------+--------+--------+-----+--------+

Top non-repeatable levels by time:
     D:8: 1647 daAuts
  Lair:1: 1252 daAuts
     D:6: 1084 daAuts
     D:7: 1077 daAuts
     D:5: 1025 daAuts
     D:3: 981 daAuts
    D:10: 957 daAuts
     D:4: 949 daAuts
     D:1: 836 daAuts
     D:9: 707 daAuts
     D:2: 643 daAuts
  Temple: 169 daAuts
  Lair:2: 70 daAuts
